Map: Sandstorm CE

Players

Racheengel

  • Race: Protoss Protoss
  • Spawn Location: 11:00

Raff

  • Race: Terran Terran
  • League: Silver
  • Spawn Location: 11:00

Smily

  • Race: Protoss Protoss
  • Spawn Location: 11:00

Wlodziu

  • Race: Zerg Zerg
  • Spawn Location: 5:00

Iceberg

  • Race: Protoss Protoss
  • Spawn Location: 3:00

Leon

  • Race: Zerg Zerg
  • League: Gold
  • Spawn Location: 5:00

VOD

Have the link to the VOD?

Description

Time

  • Played on: March 21, 2026, 4:53 p.m.
  • Length: 9:26
Show
View Real Time Build Order
Export as new Build Order

Racheengel Protoss 

Build Orders:  

Get SALT Encoding   

  12  0:00  Probe  
  13  0:12  Probe  
  14  0:20  Probe  
  14  0:22  Pylon  
  15  0:37  Probe  
  16  0:43  Gateway  
  16  0:48  Assimilator  
  16  0:49  Probe  
  17  0:58  Assimilator  
  17  1:02  Probe  
  18  1:14  Probe, Gateway  
  19  1:26  Probe  
  20  1:38  Probe  
  21  1:44  Cybernetics Core  
  21  1:46  Pylon  
  21  1:48  Probe  
  21  1:49  Pylon  
  22  1:56  Probe  
  23  2:04  Probe, Zealot  
  26  2:09  Zealot  
  28  2:28  Warp Gate  
  28  2:40  Nexus  
  28  2:50  Twilight Council  
  28  2:56  Zealot  
  30  3:07  Zealot  
  32  3:16  Gateway  
  32  3:17  Charge  
  32  3:21  Gateway  
  32  3:34  Pylon  
  32  3:54  Shield Battery  
  32  3:57  Gateway  
  32  4:01  Gateway  
  32  4:05  Pylon  
  32  4:06  Probe  
  33  4:18  Zealot  
  33  4:21  Zealot  
  37  4:26  Zealot  
  39  4:32  Zealot  
  41  4:46  Zealot  
  41  4:47  Zealot x2  
  47  5:03  Zealot x2  
  51  5:07  Zealot  
  53  5:17  Probe  
  52  5:29  Probe  
  52  5:30  Zealot x2  
  52  5:33  Zealot  
  53  5:41  Probe  
  54  5:53  Probe  
  55  6:03  Zealot x3  
  55  6:04  Zealot x3  
  63  6:36  Zealot x2  
  63  6:37  Zealot x3  
  61  7:07  Stalker x2  
  61  7:09  Stalker x2  
  61  7:10  Stalker  
  61  7:11  Stalker  
  49  7:38  Stalker  
  49  7:39  Stalker, Zealot  
  49  7:42  Zealot  
  49  7:43  Zealot  
  49  7:44  Zealot  
  51  8:10  Probe  
  41  8:17  Stalker x3  
  41  8:18  Stalker, Probe  
  41  8:19  Stalker  
  51  8:28  Probe  
  51  8:31  Stalker  
  52  8:40  Probe  
  45  8:52  Probe  
Show
View Real Time Build Order
Export as new Build Order

Raff Terran 

Build Orders:  

Get SALT Encoding   

  12  0:01  SCV  
  13  0:16  SCV  
  14  0:24  Supply Depot  
  15  0:28  SCV  
  15  0:45  SCV  
  16  0:54  Barracks  
  16  0:57  SCV  
  16  1:01  Supply Depot  
  17  1:10  SCV  
  18  1:14  Refinery  
  18  1:32  Supply Depot  
  18  1:43  Barracks  
  17  2:04  Command Center  
  17  2:06  Marine  
  18  2:17  SCV  
  19  2:34  Barracks Tech Lab  
  19  2:40  Barracks Reactor  
  19  2:44  Barracks  
  19  2:45  Orbital Command  
  19  2:59  Marauder  
  20  3:20  Marine x2, Bunker  
  20  3:24  Marauder  
  24  3:31  SCV  
  25  3:40  Engineering Bay  
  25  3:43  SCV  
  25  3:46  Barracks Reactor  
  26  3:50  Marine  
  27  3:55  SCV  
  27  4:02  Refinery  
  28  4:06  Stimpack  
  28  4:09  SCV  
  29  4:18  SCV  
  29  4:21  SCV  
  31  4:26  Marine x2  
  33  4:31  Marine x2  
  33  4:33  SCV  
  34  5:05  Marine x3  
  37  5:08  Marauder, Marine  
  40  5:15  Terran Infantry Weapons Level 1  
  40  5:25  Factory  
  40  5:37  Marine  
  40  5:38  Marine x3  
  40  5:39  Supply Depot  
  40  5:40  Marauder  
  46  5:45  Combat Shield  
  46  6:00  Barracks  
  46  6:01  SCV  
  47  6:13  Refinery, SCV  
  48  6:19  Refinery  
  48  6:24  Starport, Marauder  
  48  6:25  Reaper  
  51  6:28  Marine x2  
  51  6:29  Marine  
  48  6:46  Marauder  
  50  6:53  Barracks Tech Lab  
  46  7:01  SCV  
  45  7:13  SCV  
  46  7:23  Marauder  
  46  7:24  Marauder, Marine x4  
  54  7:30  Terran Infantry Armor Level 1  
  54  7:55  Marine  
  52  8:04  Marauder x2  
  52  8:05  Marine x3  
  52  8:13  Starport Reactor, Marine  
  53  8:23  Marine  
  54  8:38  Starport  
  54  8:43  Armory  
  54  8:56  Marine  
  54  9:12  SCV  
Show
View Real Time Build Order
Export as new Build Order

Smily Protoss 

Build Orders:  

Get SALT Encoding   

  12  0:01  Probe  
  13  0:17  Pylon  
  13  0:22  Probe  
  13  0:27  Assimilator  
  14  0:38  Gateway  
  14  0:42  Probe  
  15  0:55  Forge  
  15  0:58  Probe  
  16  1:06  Probe  
  17  1:14  Probe  
  18  1:21  Gateway  
  18  1:26  Pylon  
  18  1:30  Probe  
  19  1:36  Zealot  
  21  1:54  Cybernetics Core  
  21  2:11  Assimilator  
  21  2:14  Zealot  
  21  2:15  Zealot  
  25  2:20  Probe  
  26  2:25  Protoss Shields Level 1  
  26  2:32  Probe  
  27  2:45  Probe  
  27  2:50  Twilight Council  
  28  3:00  Pylon  
  28  3:01  Zealot, Pylon  
  28  3:03  Warp Gate  
  30  3:17  Charge  
  30  3:18  Zealot  
  32  3:25  Stalker  
  34  3:42  Stalker  
  36  3:52  Stalker  
  38  4:09  Stalker  
  40  4:19  Stalker  
  40  5:00  Zealot  
  40  5:02  Zealot  
  42  5:33  Nexus  
  42  5:42  Protoss Shields Level 2  
  40  5:55  Stalker x2  
  44  5:59  Blink  
  30  6:41  Stalker x2  
  32  6:52  Gateway  
  32  6:53  Gateway  
  28  7:00  Probe  
  27  7:08  Assimilator  
  27  7:13  Assimilator, Probe  
  28  7:17  Stalker x2  
  28  7:22  Probe  
  33  7:30  Probe  
  33  7:36  Probe  
  35  7:39  Probe  
  35  7:43  Stalker x2  
  40  7:48  Probe  
  41  7:51  Probe  
  41  7:54  Stalker x2  
  46  8:01  Probe  
  46  8:03  Probe  
  48  8:07  Pylon  
  48  8:11  Pylon  
  48  8:13  Probe  
  48  8:15  Probe  
  50  8:27  Probe  
  50  8:28  Stalker  
  50  8:29  Stalker  
  55  8:39  Probe  
  56  8:52  Probe  
  57  9:04  Probe  
  58  9:16  Stalker x4  
Show
View Real Time Build Order
Export as new Build Order

Wlodziu Zerg 

Build Orders: Hatch First 

Get SALT Encoding   

  12  0:01  Drone  
  13  0:13  Drone  
  14  0:17  Extractor, Drone  
  15  0:33  Overlord  
  15  0:51  Drone  
  15  0:52  Drone  
  17  1:00  Drone  
  17  1:03  Hatchery, Drone, Extractor  
  17  1:18  Spawning Pool  
  16  1:28  Drone x2  
  18  1:37  Drone  
  19  2:05  Queen  
  21  2:08  Drone  
  22  2:16  Roach Warren  
  22  2:19  Queen  
  22  2:20  Drone x3  
  26  2:25  Extractor  
  26  2:28  Drone x2  
  27  2:48  Drone  
  27  2:50  Overlord  
  28  2:52  Overlord  
  28  2:57  Overlord  
  28  3:08  Roach x2  
  32  3:15  Roach x2  
  32  3:16  Roach x2  
  40  3:31  Roach  
  40  3:32  Roach x2  
  46  3:39  Overlord  
  46  3:40  Overlord  
  46  3:58  Roach x3  
  46  3:59  Roach  
  54  4:04  Ravager  
  54  4:07  Ravager  
  54  4:08  Ravager  
  57  4:13  Ravager  
  58  4:20  Extractor  
  58  4:21  Drone x2  
  58  4:22  Drone  
  51  4:55  Roach x3  
  51  4:56  Roach x5  
  56  5:08  Drone x4  
  53  5:30  Roach x4  
  42  5:43  Roach x3  
  42  5:44  Roach x3  
  52  6:18  Roach  
  52  6:19  Roach x4  
  52  6:50  Roach  
  52  6:51  Roach x6  
  52  6:52  Roach  
  56  7:05  Ravager  
  57  7:09  Ravager  
  56  7:22  Roach x2  
  60  7:26  Zergling x6  
  39  8:08  Drone  
  39  8:09  Drone x6  
  39  8:33  Roach  
  39  8:34  Roach x7  
  55  8:41  Queen  
Show
View Real Time Build Order
Export as new Build Order

Iceberg Protoss 

Build Orders: Nexus First 

Get SALT Encoding   

  12  0:00  Probe  
  13  0:12  Probe  
  14  0:18  Pylon  
  14  0:24  Probe  
  15  0:33  Probe  
  15  0:41  Probe  
  17  0:51  Probe  
  18  1:03  Nexus  
  18  1:08  Probe  
  19  1:17  Pylon  
  19  1:20  Probe  
  20  1:32  Probe  
  21  1:46  Nexus  
  21  1:48  Probe  
  22  2:00  Probe  
  23  2:07  Assimilator  
  23  2:11  Gateway  
  23  2:14  Probe  
  23  2:15  Probe  
  24  2:20  Assimilator  
  25  2:23  Probe  
  26  2:31  Probe  
  26  2:32  Probe  
  28  2:43  Probe  
  29  2:44  Probe  
  30  2:55  Probe  
  30  2:56  Probe  
  32  2:59  Probe, Assimilator  
  32  3:01  Cybernetics Core  
  32  3:02  Assimilator  
  33  3:07  Probe x2  
  33  3:09  Probe  
  36  3:16  Probe  
  36  3:18  Assimilator  
  38  3:20  Probe, Assimilator  
  38  3:21  Probe  
  39  3:29  Probe  
  39  3:32  Probe  
  41  3:38  Stargate  
  41  3:41  Stargate  
  41  3:44  Probe  
  41  3:45  Probe x2  
  41  3:46  Pylon  
  44  3:56  Probe  
  44  3:57  Probe  
  44  3:58  Probe  
  47  4:08  Probe, Pylon  
  47  4:09  Probe  
  49  4:10  Probe  
  49  4:11  Pylon  
  49  4:13  Pylon  
  50  4:20  Probe  
  50  4:21  Probe  
  50  4:22  Probe  
  57  4:28  Void Ray  
  57  4:32  Fleet Beacon  
  61  4:46  Probe x2, Void Ray  
  61  4:48  Probe  
  64  4:58  Protoss Air Weapons Level 1, Probe x2  
  66  5:01  Cybernetics Core  
  66  5:03  Forge  
  66  5:05  Probe  
  66  5:06  Flux Vanes  
  67  5:10  Probe x2  
  73  5:18  Void Ray  
  73  5:47  Void Ray  
  69  5:55  Void Ray  
  69  5:59  Stargate  
  69  6:02  Probe x3  
  69  6:03  Stargate x2  
  76  6:14  Probe x3  
  79  6:24  Stargate  
  79  6:29  Stargate  
  66  6:49  Probe x3  
  66  6:50  Void Ray x2  
  66  6:51  Void Ray  
  64  7:01  Probe x2  
  64  7:02  Probe  
  53  7:30  Probe x3  
  53  7:34  Void Ray  
  54  7:42  Probe  
  55  7:45  Probe x2  
  55  7:46  Void Ray  
  54  7:54  Probe  
  54  7:57  Probe x2  
  57  8:04  Probe  
  57  8:08  Probe  
  57  8:12  Probe x2  
  56  8:16  Probe  
  57  8:20  Probe  
  57  8:24  Probe x2  
  60  8:28  Probe  
  62  8:35  Probe  
  62  8:36  Probe x2  
  65  8:45  Probe  
  65  8:46  Probe  
  65  8:48  Probe  
  67  8:53  Probe  
  76  8:59  Probe  
  76  9:00  Probe  
  76  9:02  Probe  
  80  9:12  Probe  
  80  9:14  Probe  
Show
View Real Time Build Order
Export as new Build Order

Leon Zerg 

Build Orders: Pool First 

Get SALT Encoding   

  12  0:01  Drone  
  13  0:12  Overlord  
  13  0:22  Drone  
  14  0:35  Drone x2  
  16  0:45  Drone  
  16  0:49  Spawning Pool  
  16  1:01  Drone  
  16  1:04  Extractor  
  16  1:07  Drone  
  17  1:20  Hatchery  
  16  1:27  Drone  
  17  1:37  Drone  
  18  1:41  Drone  
  19  1:52  Zergling x2  
  20  2:00  Zergling x2  
  21  2:13  Overlord  
  21  2:23  Zergling x2  
  21  2:26  Metabolic Boost  
  22  2:31  Queen  
  24  2:38  Zergling x4  
  26  2:48  Zergling x2  
  26  2:49  Zergling x2  
  28  2:53  Overlord  
  28  2:59  Zergling x2  
  29  3:08  Zergling x4  
  31  3:14  Queen  
  31  3:17  Zergling x4  
  35  3:27  Zergling x4  
  37  3:37  Zergling x4  
  38  3:50  Overlord  
  38  3:54  Drone  
  38  3:55  Drone x2  
  41  4:17  Drone  
  41  4:18  Drone x5  
  41  4:19  Drone  
  33  4:53  Zergling x18  
  41  5:25  Zergling x2  
  41  5:26  Zergling x10  
  39  5:41  Zergling x2  
  39  5:42  Zergling x10  
  14  6:12  Zergling x2  
  14  6:13  Zergling x6  
  1  6:40  Zergling x4  
  1  6:41  Zergling x2  
  1  7:01  Zergling x2  
Tags
 
Add a new tag
Caveats
  • Supply blocks, unpowered buildings, or Contaminate may cause inaccurate times.
  • Supply counts are checked every 10 seconds.